 Dungeon Crawl Stone Soup version 0.29.1-13-g9f3cf754e1 (webtiles) character file.

Game seed: 4021120475089322624

4 BeingJoeMalik the Caller (level 1, -2/10 HPs)
             Began as a Tengu Summoner on Feb 2, 2023.
             Slain by a kobold
             ... wielding a +0 club
              (4 damage)
             ... on level 1 of the Dungeon.
             The game lasted 00:00:31 (91 turns).

BeingJoeMalik the Caller (Tengu Summoner)             Turns: 91, Time: 00:00:32

Health: -2/10      AC:  2    Str:  8    XL:     1   Next: 60%
Magic:  2/4        EV: 12    Int: 15    God:
Gold:   32         SH:  0    Dex: 14    Spells: 3/4 levels left

rFire   . . .      SeeInvis .   c - +3 flail
rCold   . . .      Faith    .   (no shield)
rNeg    . . .      Spirit   .   a - +0 robe
rPois   .          Reflect  .   (helmet restricted)
rElec   .          Harm     .   (no cloak)
rCorr   .          Rampage  .   (no gloves)
Will    .....                   (boots unavailable)
Stlth   ++........              (no amulet)
HPRegen 0.03/turn               (no ring)
MPRegen 0.09/turn               (no ring)

@: no status effects
A: beak, talons 3
a: no special abilities


You were on level 1 of the Dungeon.
You visited 1 branch of the dungeon, and saw 1 of its levels.

You collected 32 gold pieces.

Inventory:

Hand Weapons
 c - a +3 flail (weapon)
Armour
 a - a +0 robe (worn)
Scrolls
 d - a scroll of fear {unknown}
Potions
 b - a potion of magic


   Skills:
 - Level 2.1 Dodging
 - Level 2.0 Stealth
 - Level 2.0 Spellcasting
 + Level 5.1 Summonings


You had 3 spell levels left.
You knew the following spells:

 Your Spells              Type           Power      Damage    Failure   Level
a - Summon Small Mammal   Summ           64%        N/A       2%          1

Your spell library contained the following spells:

 Spells                   Type           Power      Damage    Failure   Level
 Call Imp                 Summ           16%        N/A       4%          2
 Call Canine Familiar     Summ           16%        N/A       9%          3
 Summon Guardian Golem    Hex/Summ       9%         N/A       24%         3
 Summon Lightning Spire   Summ/Air       9%         N/A       61%         4


Dungeon Overview and Level Annotations

Branches:
Dungeon (1/15)

Altars:


Innate Abilities, Weirdness & Mutations

You have a beak for a mouth.
You have claws for feet.


Message History

The kobold hits you with a +0 dagger.
A ball python comes into view.
Your rat bites the kobold but does no damage.
The kobold hits you with a +0 dagger.
Your rat misses the kobold.
Casting: Summon Small Mammal (safe; 2% risk of failure)
Confirm with . or Enter, or press ? or * to list all spells.
The kobold closely misses you.
A kobold comes into view. It is wielding a +0 club.
Your rat misses the kobold.
Unknown command.
The ball python attacks as you move away!
The ball python barely misses you. x2; Your bat barely misses the kobold.
The kobold closely misses you. The ball python barely misses you.
The ball python grabs you. The ball python constricts you.
Your rat barely misses the kobold.
Unknown command.
You escape the ball python's grasp.
Your rat bites the ball python.
Unknown command.
You swap places.
Your bat hits the kobold.
The kobold dies!
Your bat hits the ball python.
The ball python dies!
Unknown command.
The kobold attacks as you move away! The kobold closely misses you.
Your bat closely misses the kobold.
Casting: Summon Small Mammal (safe; 2% risk of failure)
Confirm with . or Enter, or press ? or * to list all spells.
Your rat disappears in a puff of smoke!
The kobold hits you with a +0 club.
* * * LOW HITPOINT WARNING * * *
Your bat hits the kobold but does no damage.
Unknown command.
The kobold attacks as you move away! The kobold hits you with a +0 club.
* * * LOW HITPOINT WARNING * * *
Unknown command.
The kobold attacks as you move away! The kobold barely misses you.
Your bat barely misses the kobold. x2
Your quokka bites the kobold but does no damage.
The kobold attacks as you move away! The kobold hits you with a +0 club.
You die...

######
######....########
#rKb..)...........
#@####.........###
#.# #..######.)..
#.# ##... ####.
#.# ###.. ..####
#.. ### .... #..
###. #.. ##...
#... #..## #.###


You could see a kobold (ally target), a friendly quokka (summoned) and a
friendly bat (summoned).

Vanquished Creatures (collateral kills)
  An endoplasm (D:1)
  A ball python (D:1)
  2 kobolds (D:1)
4 creatures vanquished.

Notes
Turn   | Place    | Note
-------+----------+-------------------------------------------
     0 | D:1      | BeingJoeMalik the Tengu Summoner began the quest for the
                  | Orb.
     0 | D:1      | Reached XP level 1. HP: 10/10 MP: 4/4
    61 | D:1      | Reached skill level 5 in Summonings
    91 | D:1      | Slain by a kobold

Illustrated notes

Levels and vault maps discovered:
D:1:      dpeg_arrival_leaves_temple_mockup, layout_rooms

Skill      XL: |  1 |
---------------+----+-----
Summonings     | 5 |  5.1
Dodging        | |  2.1
Stealth        | |  2.0
Spellcasting   | |  2.0

Action                   || total
-------------------------++-------
 Cast: Summon Small Mamm ||     5
Dodge: Dodged            ||     7
